 Dungeon Crawl Stone Soup version 0.19-a0-1889-g9c603be (webtiles) character file.

91 rpophessagr the Distorting Ant (level 4, -1/35 HPs)
             Began as a Formicid Abyssal Knight on Oct 18, 2016.
             Was a Believer of Lugonu.
             Slain by Crazy Yiuf
             ... wielding a +2 quarterstaff of chaos
              (6 damage)
             ... on level 2 of the Dungeon.
             The game lasted 00:06:15 (3274 turns).

rpophessagr the Distorting Ant (FoAK)               Turns: 3274, Time: 00:06:15

Health: -1/35      AC:  4    Str: 17    XL:     4   Next: 88%
Magic:  7/7        EV: 11    Int: 11    God:    Lugonu [**....]
Gold:   74         SH:  0    Dex: 11    Spells: 0 memorised, 3 levels left

rFire  . . .     SeeInvis +     a - +1 falchion
rCold  . . .     Gourm    .     h - +0 leather armour (curse)
rNeg   . . .     Faith    .     (no shield)
rPois  .         Spirit   .     (helmet unavailable)
rElec  .         Reflect  .     g - +0 cloak
rCorr  .         Harm     .     (no gloves)
MR     .....                    (no boots)
Stlth  +.........               (no amulet)
                                (no ring)
                                (no ring)

@: no status effects
A: permanent stasis, dig shafts and tunnels, four strong arms, antennae 3
a: Dig, Shaft Self, Depart the Abyss, Bend Space, Renounce Religion


You were on level 2 of the Dungeon.
You worshipped Lugonu.
Lugonu was pleased with you.
You were not hungry.

You visited 1 branch of the dungeon, and saw 2 of its levels.
You visited the Abyss 1 time.

You collected 74 gold pieces.

Inventory:

Hand Weapons
 a - a +1 falchion (weapon)
Missiles
 f - 31 bolts
Armour
 b - a +0 leather armour
 g - a +0 cloak (worn)
 h - a cursed +0 leather armour (worn)
 m - a +0 ring mail
 p - a +0 shield
Jewellery
 i - a cursed ring of wizardry {unknown}
Potions
 c - a potion of haste {unknown}
 e - a potion of flight
 k - a potion of mutation {unknown}
 l - 3 potions of brilliance {unknown}
 o - a potion of curing
Comestibles
 d - 2 beef jerkies
 j - a chunk of flesh
 n - a bread ration


   Skills:
 - Level 3.2 Fighting
 + Level 3.6 Long Blades
 - Level 2.1 Armour
 - Level 0.8 Dodging
 + Level 4.1 Invocations


You had 3 spell levels left.
You didn't know any spells.

Dungeon Overview and Level Annotations

Branches:
Dungeon (2/15)

Altars:

Annotations:
D:2 Crazy Yiuf


Innate Abilities, Weirdness & Mutations

You are under a permanent stasis effect.
You can dig through walls and to a lower floor.
Your four strong arms can wield two-handed weapons with a shield.
You have a pair of large antennae on your head. (SInv)


Message History

Crazy Yiuf is lightly wounded.
Crazy Yiuf grits, "Scoff dark song!"
Crazy Yiuf hits you with a quarterstaff of chaos!
You feel a strange sense of stasis.
You hit Crazy Yiuf.
Crazy Yiuf is lightly wounded.
Crazy Yiuf hits you with a quarterstaff of chaos!
Crazy Yiuf burns you.
You hit Crazy Yiuf.
Crazy Yiuf is moderately wounded.
Crazy Yiuf hits you with a quarterstaff of chaos!
* * * LOW HITPOINT WARNING * * *
You closely miss Crazy Yiuf.
Crazy Yiuf is moderately wounded.
Crazy Yiuf barely misses you.
You riposte.
You hit Crazy Yiuf.
Crazy Yiuf is heavily wounded.
You hit Crazy Yiuf but do no damage.
Crazy Yiuf is heavily wounded.
Crazy Yiuf hits you with a quarterstaff of chaos.
You die...

..........................###....
.##.##.#####........#............
.##.##.....###########...........
.##.######## #.........## .##.#
##### ####........ .##.# #)..#
#.####### .##(# #...# #.# .##.#
#.g.# #.# .##.######## #@# ####.#
...........# ♣.♣♣ #....#
.##.######## ♣♣.♣ ############
....# ♣.♣♣ #.......... ##### ♣♣.♣
#.######### ♣♣.♣♣ #.# ♣♣...♣ #.#
♣....♣ #.# #....# #.# #


You could see Crazy Yiuf.

Vanquished Creatures
  4 gnolls (D:2)
  An adder (D:2)
  A worm (D:2)
  A leopard gecko (D:2)
  2 giant cockroaches (D:2)
  10 hobgoblins
  3 jackals (D:1)
  6 kobolds
  3 bats
  3 frilled lizards
  2 goblins
  6 rats
42 creatures vanquished.

Notes
Turn   | Place    | Note
-------+----------+-------------------------------------------
     0 | Abyss:1  | rpophessagr the Formicid Abyssal Knight began the quest for the Orb.
     0 | Abyss:1  | Reached XP level 1. HP: 18/18 MP: 2/2
    31 | D:1      | Escaped the Abyss
   482 | D:1      | Reached XP level 2. HP: 20/24 MP: 3/3
   873 | D:1      | Reached skill level 3 in Invocations
   992 | D:1      | Reached XP level 3. HP: 25/29 MP: 5/5
  1364 | D:2      | Reached ** piety under Lugonu
  1963 | D:2      | Reached XP level 4. HP: 3/35 MP: 6/6
  2705 | D:2      | Reached skill level 4 in Invocations
  3264 | D:2      | Found a runed door.
  3268 | D:2      | Noticed Crazy Yiuf
  3274 | D:2      | Slain by Crazy Yiuf

Vault maps used:
D:1:      minmay_arrival_widening_spiral_narrow, minmay_crystal_room
D:2:      kennysheep_goblin_castle, uniq_crazy_yiuf_cottage

Skill      XL: |  1  2  3  4 |
---------------+-------------+-----
Invocations    | 3 4 |  4.1
Long Blades    | 3 |  3.6
Fighting       | |  3.2
Armour         | |  2.1
Dodging        | |  0.8

Action                   |  1- 3 |  4- 6 || total
-------------------------+-------+-------++-------
Melee: Falchion          |    83 |    48 ||   131
  Use: Scroll            |     3 |       ||     3
       Potion            |     1 |       ||     1
  Eat: Chunk             |     2 |     1 ||     3
       Bread ration      |     1 |       ||     1
Armor: Leather armour    |    24 |    16 ||    40
Dodge: Dodged            |    59 |    35 ||    94
       Rpst.: Falchion   |    17 |    11 ||    28
